Map: Newkirk Precinct TE (Void)

Players

Musumeci - Winner!

  • Race: Zerg Zerg
  • League: Diamond
  • Spawn Location: 7:00

alpha

  • Race: Protoss Protoss
  • League: Diamond
  • Spawn Location: 5:00

VOD

Have the link to the VOD?

Description

Time

  • Played on: Jan. 23, 2017, 3:36 p.m.
  • Length: 23:34
Show
View Real Time Build Order
Export as new Build Order

Musumeci Zerg - Winner!

Build Orders: Hatch First 

Get SALT Encoding   

  12  0:07  Drone  
  12  0:08  Drone  
  14  0:17  Drone, Extractor  
  15  0:41  Hatchery  
  14  0:44  Extractor  
  14  0:46  Drone  
  15  1:07  Extractor  
  15  1:09  Spawning Pool, Drone  
  14  1:13  Extractor  
  14  1:14  Drone  
  14  1:19  Extractor  
  14  1:24  Drone  
  15  1:28  Overlord  
  15  1:47  Drone  
  15  1:48  Drone  
  15  1:52  Drone  
  18  1:56  Queen  
  18  1:58  Drone  
  21  2:03  Drone  
  22  2:14  Metabolic Boost  
  22  2:16  Zergling x2  
  22  2:18  Drone  
  22  2:22  Drone  
  25  2:27  Drone  
  25  2:28  Drone  
  27  2:40  Drone  
  28  2:51  Overlord  
  28  3:04  Hatchery  
  27  3:06  Zergling x2  
  27  3:09  Queen  
  30  3:16  Zergling x2  
  30  3:17  Zergling x6  
  33  3:20  Drone  
  33  3:21  Drone  
  33  3:25  Pneumatized Carapace  
  35  3:43  Zergling x2  
  36  3:51  Overlord  
  36  3:53  Overlord  
  36  4:11  Zergling x2  
  36  4:12  Zergling x10  
  37  4:34  Zergling x18  
  44  4:45  Zergling x6  
  45  4:58  Spine Crawler  
  45  4:59  Spine Crawler  
  43  5:01  Roach Warren  
  43  5:05  Spine Crawler  
  43  5:06  Spine Crawler, Queen x2  
  43  5:16  Zergling x6  
  41  5:30  Zergling x12  
  45  5:53  Zergling x2  
  45  5:54  Zergling x10  
  47  6:07  Roach x2  
  51  6:13  Drone  
  52  6:35  Overlord x3  
  52  6:53  Roach x5  
  62  6:56  Hatchery  
  60  7:27  Roach x5  
  70  7:43  Roach x4  
  70  8:05  Zergling x16  
  66  8:06  Zergling x6  
  73  8:18  Lair  
  72  8:20  Spore Crawler  
  72  8:25  Spore Crawler  
  70  8:33  Drone  
  71  8:34  Drone  
  70  8:43  Spore Crawler  
  60  9:08  Zergling x2  
  59  9:18  Overseer  
  59  9:22  Ravager  
  59  9:23  Ravager  
  61  9:25  Ravager  
  57  9:34  Ravager x2  
  57  9:35  Roach x4  
  57  9:36  Roach x2  
  71  9:43  Glial Reconstitution  
  71  9:47  Extractor  
  70  9:58  Drone x6  
  74  10:05  Overlord x2  
  70  10:19  Drone x4  
  74  10:24  Hydralisk Den  
  73  10:28  Drone  
  73  10:29  Drone  
  75  10:37  Zergling x6  
  78  10:46  Drone x3  
  81  10:52  Extractor  
  81  10:55  Extractor  
  79  11:21  Roach  
  79  11:22  Overlord x2  
  79  11:23  Overlord  
  76  12:09  Drone x8  
  76  12:12  Extractor  
  76  12:13  Extractor  
  79  12:18  Muscular Augments  
  79  12:19  Drone x4  
  79  12:21  Drone x2  
  79  12:59  Spine Crawler  
  79  13:00  Spine Crawler, Drone x9  
  79  13:01  Overlord  
  86  13:11  Spire  
  86  13:12  Drone  
  86  13:13  Drone  
  86  13:14  Drone x3  
  86  13:17  Hydralisk  
  86  13:18  Evolution Chamber, Hydralisk x3  
  86  13:19  Evolution Chamber  
  96  13:22  Overlord  
  96  13:23  Overlord  
  93  14:02  Spine Crawler  
  92  14:09  Hydralisk  
  92  14:10  Hydralisk x6  
  106  14:37  Mutalisk x2  
  106  14:38  Mutalisk x4  
  118  15:09  Mutalisk x3  
  122  15:14  Overseer  
  122  15:17  Overseer  
  122  15:18  Overseer  
  122  15:20  Overseer  
  122  15:22  Overseer  
  122  15:30  Overlord x2  
  122  15:31  Overlord x5  
  122  15:48  Mutalisk x4  
  130  15:54  Zerg Melee Weapons Level 1  
  130  16:13  Hatchery  
  130  16:14  Extractor  
  130  16:18  Extractor  
  121  16:34  Drone x3  
  121  16:35  Drone x3  
  127  16:52  Drone x2  
  127  16:53  Drone  
  130  16:55  Zerg Missile Weapons Level 1  
  130  16:57  Hydralisk  
  130  16:58  Hydralisk x9  
  96  18:05  Hydralisk  
  96  18:06  Hydralisk x8  
  92  18:24  Queen  
  92  18:26  Queen  
  86  18:27  Queen  
  90  18:35  Roach x9  
  108  18:43  Roach x3  
  108  18:45  Ravager x2  
  116  18:56  Ravager x2  
  116  18:57  Ravager x6  
  116  18:58  Ravager  
  116  18:59  Hydralisk x8  
  134  19:15  Drone  
  134  19:16  Drone x6  
  139  19:38  Overseer x3  
  137  19:40  Mutalisk x7  
  148  20:53  Overlord x4  
  148  21:14  Infestation Pit  
  145  21:29  Roach x11  
  145  21:30  Overlord  
  145  21:31  Overlord x5  
  167  21:44  Extractor  
  167  21:45  Hatchery  
  145  22:03  Hatchery  
  139  22:09  Mutalisk x6  
  139  22:10  Mutalisk x11  
Show
View Real Time Build Order
Export as new Build Order

alpha Protoss 

Build Orders:  

Get SALT Encoding   

  12  0:02  Probe (Chrono Boost)  
  13  0:12  Probe (Chrono Boost)  
  14  0:19  Pylon  
  14  0:24  Probe (Chrono Boost)  
  15  0:37  Probe (Chrono Boost)  
  15  0:42  Gateway  
  16  0:48  Probe (Chrono Boost)  
  17  0:52  Assimilator  
  17  1:01  Probe (Chrono Boost)  
  18  1:11  Probe (Chrono Boost)  
  19  1:22  Probe (Chrono Boost)  
  20  1:30  Cybernetics Core  
  21  1:33  Probe (Chrono Boost)  
  21  1:48  Nexus  
  21  1:49  Probe (Chrono Boost)  
  22  1:57  Pylon  
  23  2:02  Warp Gate  
  23  2:07  Gateway  
  22  2:14  Zealot  
  24  2:24  Mothership Core (Chrono Boost)  
  26  2:44  Probe (Chrono Boost)  
  27  2:45  Adept  
  27  2:46  Pylon  
  29  2:53  Adept  
  31  3:02  Assimilator  
  33  3:06  Probe (Chrono Boost)  
  33  3:07  Probe (Chrono Boost)  
  33  3:25  Gateway  
  34  3:27  Gateway  
  34  3:28  Probe (Chrono Boost)  
  34  3:32  Pylon  
  34  3:36  Probe (Chrono Boost)  
  40  3:48  Probe (Chrono Boost)  
  40  3:50  Probe (Chrono Boost)  
  36  4:06  Adept  
  36  4:07  Adept  
  37  4:18  Probe (Chrono Boost)  
  34  4:36  Adept x4, Probe (Chrono Boost)  
  38  4:53  Probe x2 (Chrono Boost)  
  38  4:54  Pylon  
  38  4:58  Stalker x2  
  43  5:03  Probe (Chrono Boost)  
  44  5:09  Sentry  
  44  5:12  Zealot  
  48  5:21  Probe (Chrono Boost)  
  41  5:23  Zealot x2  
  45  5:38  Assimilator  
  45  5:49  Probe x2 (Chrono Boost)  
  47  5:54  Zealot  
  47  5:55  Zealot x2  
  51  5:59  Zealot  
  49  6:13  Probe (Chrono Boost)  
  50  6:20  Probe (Chrono Boost)  
  50  6:24  Probe (Chrono Boost)  
  52  6:35  Probe x2 (Chrono Boost)  
  54  6:45  Probe (Chrono Boost)  
  54  6:46  Probe (Chrono Boost)  
  56  6:50  Twilight Council  
  56  6:56  Probe x2 (Chrono Boost)  
  58  7:06  Probe (Chrono Boost)  
  58  7:07  Probe (Chrono Boost)  
  60  7:16  Resonating Glaives  
  57  7:26  Probe (Chrono Boost)  
  57  7:28  Probe (Chrono Boost)  
  50  7:35  Pylon  
  50  7:37  Probe (Chrono Boost)  
  49  7:40  Dark Shrine, Probe (Chrono Boost)  
  49  7:42  Sentry x2  
  50  7:47  Probe (Chrono Boost)  
  50  7:58  Probe (Chrono Boost)  
  50  8:10  Pylon  
  50  8:24  Nexus  
  50  8:42  Pylon  
  50  8:45  Adept x3  
  48  8:56  Stalker  
  48  9:00  Pylon  
  50  9:09  Dark Templar  
  50  9:11  Dark Templar  
  52  9:23  Assimilator, Probe (Chrono Boost)  
  53  9:29  Adept x2  
  57  9:38  Pylon  
  53  9:41  Pylon  
  53  9:43  Stalker, Pylon  
  55  9:53  Zealot  
  56  10:03  Stalker  
  58  10:10  Probe (Chrono Boost)  
  58  10:12  Probe (Chrono Boost)  
  60  10:20  Gateway  
  60  10:22  Gateway  
  60  10:26  Probe (Chrono Boost)  
  60  10:27  Dark Templar  
  63  10:33  Probe (Chrono Boost)  
  64  10:37  Probe (Chrono Boost)  
  65  10:43  Probe (Chrono Boost)  
  65  10:45  Adept  
  65  10:48  Probe (Chrono Boost)  
  69  10:57  Probe (Chrono Boost)  
  70  11:08  Pylon  
  70  11:12  Stalker x2, Probe (Chrono Boost)  
  70  11:13  Stalker  
  70  11:15  Pylon  
  75  11:33  Adept  
  75  11:34  Adept x2  
  75  11:37  Probe (Chrono Boost)  
  64  11:55  Probe (Chrono Boost)  
  64  11:59  Probe (Chrono Boost)  
  58  12:04  Adept x5  
  58  12:05  Dark Templar  
  70  12:21  Probe (Chrono Boost)  
  71  12:26  Adept x2  
  71  12:27  Adept x3  
  68  12:52  Nexus  
  68  12:55  Dark Templar x4  
  74  13:06  Pylon  
  74  13:09  Robotics Facility  
  74  13:18  Forge, Probe (Chrono Boost)  
  67  13:24  Adept x2  
  67  13:25  Adept  
  72  13:35  Probe (Chrono Boost)  
  72  13:39  Probe (Chrono Boost)  
  71  13:46  Protoss Ground Armor Level 1  
  71  13:47  Probe (Chrono Boost)  
  68  13:55  Immortal  
  62  13:58  Photon Cannon  
  62  13:59  Stalker  
  62  14:00  Stalker, Photon Cannon  
  70  14:06  Blink  
  71  14:10  Probe (Chrono Boost)  
  71  14:12  Photon Cannon  
  70  14:25  Dark Templar  
  70  14:27  Dark Templar  
  72  14:33  Pylon  
  72  14:35  Probe (Chrono Boost)  
  72  14:36  Immortal  
  77  14:48  Gateway, Probe x2 (Chrono Boost)  
  77  14:51  Dark Templar  
  82  14:54  Probe (Chrono Boost)  
  81  15:00  Probe (Chrono Boost)  
  81  15:07  Probe (Chrono Boost)  
  81  15:08  Templar Archives  
  83  15:15  Probe (Chrono Boost)  
  83  15:19  Pylon  
  83  15:20  Pylon, Immortal  
  83  15:25  Stalker x2  
  83  15:27  Stalker  
  93  15:37  Assimilator  
  93  15:38  Assimilator  
  91  15:44  Stalker x2  
  91  15:46  Stalker  
  91  15:49  Protoss Ground Weapons Level 1  
  96  15:58  Forge  
  96  16:03  Immortal  
  96  16:07  Psionic Storm  
  98  16:20  Protoss Ground Armor Level 2  
  93  16:32  Probe (Chrono Boost)  
  89  16:35  Photon Cannon  
  89  16:37  Mothership Core (Chrono Boost)  
  91  16:41  Photon Cannon  
  91  16:42  Observer  
  91  16:44  Photon Cannon  
  92  16:50  High Templar  
  92  16:52  Adept x3  
  94  17:14  Stalker x2  
  90  17:35  High Templar  
  90  17:36  High Templar  
  91  17:39  Stalker x4  
  92  18:04  Stalker x2, Zealot, Archon  
  79  18:07  Probe (Chrono Boost)  
  79  18:10  Stalker  
  71  18:21  Pylon  
  71  18:36  Pylon  
  70  18:55  Stalker x2, Pylon, Probe (Chrono Boost)  
  75  19:02  Stalker  
  73  19:17  High Templar  
  73  19:23  Warp Prism  
  71  19:54  Nexus  
  71  19:59  Pylon  
  71  20:18  Probe (Chrono Boost)  
  68  20:26  High Templar x2, Stalker  
  68  20:27  Stalker, Zealot x2  
  80  20:53  Pylon  
  80  20:55  Pylon  
  78  21:11  Stalker  
  78  21:12  Stalker x2  
  78  21:13  Pylon  
  78  21:18  Probe (Chrono Boost)  
  86  21:19  Probe (Chrono Boost)  
  86  21:20  Probe x2 (Chrono Boost)  
  87  21:29  Pylon  
  74  22:01  Probe (Chrono Boost)  
  74  22:05  Pylon  
  74  22:06  Pylon  
  74  22:14  Probe (Chrono Boost)  
  75  22:17  Stalker x3  
  75  22:22  Probe (Chrono Boost)  
  82  22:24  Probe (Chrono Boost)  
  82  22:26  Stalker  
  85  22:41  Probe (Chrono Boost)  
  86  22:50  Probe (Chrono Boost)  
  87  22:53  Stalker x3  
  62  23:25  Zealot x4  
  62  23:26  Zealot  
Tags
 
Add a new tag
Caveats
  • Supply blocks, unpowered buildings, or Contaminate may cause inaccurate times.
  • Supply counts are checked every 10 seconds.